 Dungeon Crawl Stone Soup version 0.30-a0-937-ga0a21ad780 (webtiles) character file.

Game seed: 13355463334415533174

23 FexLirch the Sneak (level 2, -17/26 HPs)
             Began as a Ghoul Delver on Mar 24, 2023.
             Killed from afar by a steam dragon (21 damage)
             ... with a ball of steam
             ... on level 5 of the Dungeon.
             The game lasted 00:00:24 (45 turns).

FexLirch the Sneak (Ghoul Delver)                     Turns: 45, Time: 00:00:25

Health: -17/26     AC:  3    Str: 15    XL:     2   Next: 95%
Magic:  1/1        EV: 11    Int:  5    God:
Gold:   12         SH:  0    Dex: 10    Spells: 1/1 levels left

rFire   . . .      SeeInvis .      - Unarmed
rCold   + . .      Faith    .    (no shield)
rNeg    + + +      Spirit   .    a - +0 leather armour
rPois   ∞          Reflect  .    (no helmet)
rElec   .          Rampage  .    (no cloak)
rCorr   .                        (no gloves)
Will    .....                    (no boots)
Stlth   +++                      (no amulet)
HPRegen 0.24/turn                (no ring)
MPRegen 0.07/turn                (no ring)

@: no status effects
A: claws 1, cold resistance 1, negative energy resistance 3, inhibited
regeneration, torment resistance 2, devour on kill
a: no special abilities


You were on level 5 of the Dungeon.
You visited 1 branch of the dungeon, and saw 1 of its levels.

You collected 12 gold pieces.

Inventory:

Armour
 a - a +0 leather armour (worn)
Wands
 f - a wand of digging (3)
Scrolls
 b - a scroll of fog
 c - a scroll of magic mapping
 d - a scroll of fear
 h - a scroll of identify {unknown}
 i - a scroll of immolation {unknown}
Potions
 e - a potion of haste
 g - a potion of degeneration {unknown}


   Skills:
 - Level 3.2 Fighting
 - Level 1.7 Dodging
 - Level 5.4 Stealth
 + Level 3.7 Unarmed Combat


You had one spell level left.
You didn't know any spells.
Your spell library was empty.

Dungeon Overview and Level Annotations

Branches:
Dungeon (5/15)
 Temple: D:4-7

Altars:


Innate Abilities, Weirdness & Mutations

You are immune to poison.
You have sharp fingernails.
Your flesh is cold resistant. (rC+)
You are immune to negative energy. (rN+++)
You do not regenerate when monsters are visible.
You are immune to unholy pain and torment.
You thrive by killing the living.


Message History

A hound comes into view.
A hound is nearby!
You see here a scroll labelled HUUHUUTAHE.
i - a scroll labelled HUUHUUTAHE
Found a scroll labelled SIPIEJ GULIV.
A gnoll comes into view. It is wielding a +0 halberd.
Found a smoky red potion. 2 gnolls come into view.
Found a scroll labelled PIAXEL QEENIWK.
The gnoll shouts! x2
The gnoll throws a throwing net.
The throwing net hits you.
You become entangled in the net!
A gnoll bouda comes into view. It is wielding a +0 club.
You see here a throwing net.
You struggle against the net.
A gnoll comes into view. It is wielding a +0 halberd.
You tear a large gash into the net.
A gnoll comes into view. It is wielding a +0 spear of flaming.
You shred the net and break free!
A steam dragon comes into view.
The steam dragon breathes steam at you. The ball of steam hits you!
Ouch! That really hurt!
* * * LOW HITPOINT WARNING * * *
You see here a +0 short sword.
The hound attacks as you move away! The hound barely misses you.
The hound is engulfed in a cloud of scalding steam.
You claw the hound!
The hound is severely wounded.
The hound bites you.
* * * LOW HITPOINT WARNING * * *
You claw the hound!
You kill the hound!
You feel better.
Your Unarmed Combat skill increases to level 3!
You have reached level 2!
The steam dragon breathes steam at you. The ball of steam hits you!!
Ouch! That really hurt!
You die...

.... .. ..?....... .^........
##.##.##D..# . ..# #
#..##.##.#.# .# ..
.##.##..##§#.# .###.#
$..........#.#####...#.#
........#.gD§§....##...###
......g....#.g§§@........##..
...###.#..##.####............
.### #.......#####...>.......
. #......###....#.....##..
#..........##########
#...)..##### #...........
..........###.. ......###.##


There were no monsters in sight!

Vanquished Creatures
  A hound (D:5)
1 creature vanquished.

Notes
Turn   | Place    | Note
-------+----------+-------------------------------------------
     0 | D:5      | FexLirch the Ghoul Delver began the quest for the Orb.
     0 | D:5      | Reached XP level 1. HP: 19/19 MP: 0/0
    20 | D:5      | Noticed a hound
    26 | D:5      | Noticed a gnoll bouda
    37 | D:5      | Noticed a steam dragon
    42 | D:5      | Killed a hound
    43 | D:5      | Reached XP level 2. HP: 4/26 MP: 1/1
    45 | D:5      | Killed from afar by a steam dragon

Illustrated notes

Levels and vault maps discovered:
D:5:      layout_rooms, kennysheep_generic_room_7

Skill      XL: |  1 |
---------------+----+-----
Unarmed Combat | 3 |  3.7
Fighting       | |  3.2
Dodging        | |  1.7
Stealth        | |  5.4

Action                     || total
---------------------------++-------
  Melee: Unarmed           ||     2
  Dodge: Dodged            ||     1

Table legend: (Time is in decaauts)
 A = Elapsed time spent in this place.
 B = Non-inter-level travel time spent in this place.
 C = Inter-level travel time spent in this place.
 D = Time resting spent in this place.
 E = Time spent auto-exploring this place.
 F = Levels seen in this place.
 G = Mean time per level.
                   A        B        C        D        E       F      G
               +--------+--------+--------+--------+--------+-----+--------+
         Total |     44 |     44 |      0 |      0 |      0 |   1 |   44.0 |
       Dungeon |     44 |     44 |      0 |      0 |      0 |   1 |   44.0 |
               +--------+--------+--------+--------+--------+-----+--------+

Top non-repeatable levels by time:
     D:5: 44 daAuts
